Cogmind - Beta 13 @@@ ROGUE MODE // 2024.06.06 @ 16:12:13 Player: delto Result: Self-destructed Performance ------------- Evolutions (2) 1000 Regions Visited (5) 1000 Robots Destroyed (41) 205 Value Destroyed (854) 854 Prototype IDs (1) 20 Alien Tech Used (0) 0 Bonus (50) 50 TOTAL SCORE: 3129 Bonus ------- High Alert Combat Kills 85 Friendly Fire -35 Cogmind --------- Core Integrity 225/550 Matter 102/300 Energy 350/350 System Corruption 17% Temperature Cool (0) Movement Core (150) Ox2 Location -8/Storage Parts ------- > --- POWER (1) -------- Micro Nuclear Core > --- PROPULSION (3) --- (None) > --- UTILITY (5) ------ Compact Battery Advanced Visual Processing Unit Improved Utility Shielding > --- WEAPON (2) ------- (None) > --- INVENTORY (5) ---- Gauss Rifle Gauss Rifle Grenade Launcher Peak State ------------ > --- POWER ------------ Micro Nuclear Core > --- PROPULSION ------- Xenon Bombardment Thruster Xenon Bombardment Thruster Xenon Bombardment Thruster > --- UTILITY ---------- Heat Sink Compact Battery Advanced Visual Processing Unit Improved Terrain Scanner Improved Utility Shielding > --- WEAPON ----------- Gauss Rifle Mini Grenade Launcher > --- INVENTORY -------- Micro Nuclear Core Improved VTOL Module Xenon Bombardment Thruster Gauss Rifle Grenade Launcher [Rating: 36] Favorites ----------- Power Light Ion Engine Engine Light Ion Engine Power Core Light Nuclear Core Propulsion Armored Treads Treads Armored Treads Wheel Wheel Hover Unit Combat Airjet Flight Unit Xenon Bombardment Thruster Utility Improved Terrain Scanner Device Improved Terrain Scanner Storage Small Storage Unit Processor Visual Processing Unit Protection Improved Utility Shielding Weapon Beam Rifle Energy Gun Beam Rifle Ballistic Gun Assault Rifle Launcher Grenade Launcher Build | -11 -10 -10 -9 -8 -8 ------- Run | Yrd Mat Min Mat Mat Sto Slots Evolved 4 | . . . 2 2 . Power . | . . . . . . Propulsion 1 | . . . 1 . . Utility 3 | . . . 1 2 . Weapon . | . . . . . . Parts Attached 62 | 10 . 9 21 20 2 Power 7 | 1 . 1 3 1 1 Engine 4 | 1 . 1 2 . . Core 3 | . . . 1 1 1 Reactor . | . . . . . . Propulsion 15 | 2 . . 6 6 1 Treads 7 | 1 . . 3 3 . Leg . | . . . . . . Wheel 2 | 1 . . 1 . . Hover 2 | . . . 2 . . Flight 4 | . . . . 3 1 Utility 16 | 4 . 2 4 6 . Device 6 | 3 . 1 1 1 . Storage 3 | 1 . . 1 1 . Processor 2 | . . . 1 1 . Hackware . | . . . . . . Protection 5 | . . 1 1 3 . Artifact . | . . . . . . Weapon 24 | 3 . 6 8 7 . Energy Gun 5 | . . . 2 3 . Energy Cannon . | . . . . . . Ballistic Gun 11 | 3 . 3 3 2 . Ballistic Cannon . | . . . . . . Launcher 8 | . . 3 3 2 . Special Weapon . | . . . . . . Impact Weapon . | . . . . . . Slashing Weapon . | . . . . . . Piercing Weapon . | . . . . . . Special Melee Weapon . | . . . . . . Unidentified Prototypes 1 | . . . . . 1 Parts Lost 16 | . . 3 5 . 8 Power 3 | . . 1 1 . 1 Propulsion 7 | . . . 2 . 5 Utility 2 | . . 1 . . 1 Weapon 4 | . . 1 2 . 1 Highest Loss Streak 8 | . . 1 2 . 8 To Critical Strikes 2 | . . 1 1 . . Average Slot Usage (%) 97 | . 100 100 98 99 83 Engine 7 | . 14 14 5 7 . Core 3 | . . . 5 1 9 Treads 19 | . 14 14 21 23 . Wheel 2 | . 14 14 1 . . Hover 5 | . . . 9 . . Flight 2 | . . . . 3 21 Device 17 | . 28 22 19 10 12 Storage 8 | . . . 10 9 9 Processor 3 | . . . 2 9 9 Protection 4 | . . 5 . 16 9 Energy Gun 6 | . . . 8 8 . Ballistic Gun 8 | . 28 18 7 4 6 Launcher 6 | . . 9 5 4 7 Naked Turns . | . . . . . . Heaviest Build 25 | 13 9 13 20 25 16 Greatest Support 60 | 20 10 20 60 60 18 Greatest Overweight (x) 2 | 1 . 1 . 1 2 Average Overweight (x) . | . . . . . . Largest Inventory Capacity 8 | 8 5 5 8 8 5 Average Capacity 7 | 7 5 5 7 7 5 Most Carried 8 | 7 5 5 8 8 5 Average Carried 6 | 3 5 4 7 6 4 Final Capacity 8 | 5 5 5 8 5 5 Final Carried 6 | 5 5 5 6 5 3 Class Distribution -------------------- 57% | Mutant 42% | Scavenger-Mutant Dominant Class ---------------- Mutant | -10/Materials Mutant | -10/Mines Scavenger-Mutant | -9/Materials Mutant | -8/Materials Mutant | -8/Storage Resources | -11 -10 -10 -9 -8 -8 ----------- Run | Yrd Mat Min Mat Mat Sto Matter Collected 1264 | 233 . 318 448 265 . Remotely . | . . . . . . Salvage Created 806 | 45 . 65 637 59 . Parts 77 | 4 . . 68 5 . Haulers Intercepted . | . . . . . . Recyclers Shooed 1 | . . . 1 . . Parts Field Recycled . | . . . . . . Retrieved Matter . | . . . . . . Parts Self-Destructed . | . . . . . . Prevented . | . . . . . . Kills | -11 -10 -10 -9 -8 -8 ------- Run | Yrd Mat Min Mat Mat Sto Combat Hostiles Destroyed 43 | . . 15 27 1 . Guns 12 | . . 3 8 1 . AOE 31 | . . 12 19 . . Classes Destroyed 10 | 1 . 1 8 . . Worker 3 | . . . 3 . . Builder 3 | . . . 3 . . Tunneler 4 | 2 . . 2 . . Operator 1 | . . . 1 . . Watcher 2 | . . . 2 . . Swarmer 13 | . . . 13 . . Grunt 6 | . . . 6 . . Brawler 1 | . . . 1 . . Sentry 8 | . . . 7 1 . Assembled 15 | . . 15 . . . Best Kill Streak 13 | 2 . 13 11 1 . Combat Bots Only 13 | . . 13 8 1 . Max Kills in Single Turn 4 | 1 . 4 4 1 . Gunslinging . | . . . . . . Exploded 4 | . . 4 2 . . Melee . | . . . . . . Uniques/NPCs Destroyed . | . . . . . . Combat | -11 -10 -10 -9 -8 -8 -------- Run | Yrd Mat Min Mat Mat Sto Hostile Shots Fired 197 | . . 40 129 2 26 Missed 51 | . . 12 34 . 5 Damage Taken 2750 | . . 816 1140 28 766 Core 686 | . . 221 140 . 325 Absorbed by Shields . | . . . . . . Redirected to Shielding 81 | . . . . . 81 Regen/Repaired (Parts) 51 | . . . . . 51 Core Remaining (%) 58 | 100 . 11 65 . . Volleys Fired 92 | 3 1 23 54 1 10 Largest 2 | 2 2 2 2 2 2 Hottest 126 | 40 40 53 86 126 58 Shots Fired 165 | 6 2 33 105 2 17 Gun 118 | 6 2 27 71 2 10 Cannon . | . . . . . . Launcher 47 | . . 6 34 . 7 Special . | . . . . . . Kinetic 72 | 6 2 27 27 . 10 Thermal 46 | . . . 44 2 . Explosive 47 | . . 6 34 . 7 Electromagnetic . | . . . . . . Robot Hit Streak 12 | 3 2 3 12 7 . Robot Miss Streak 5 | 1 1 5 5 . . Penetration Max . | . . . . . . Secondary Targets . | . . . . . . Shots Hit Robots 85 | 4 1 15 63 2 . Core Hits 97 | 2 . 30 63 2 . Critical Kills . | . . . . . . Critical Parts Destroyed . | . . . . . . Critical Strikes . | . . . . . . Melee Attacks . | . . . . . . Impact . | . . . . . . Slashing . | . . . . . . Piercing . | . . . . . . Sneak Attacks . | . . . . . . Combat Hostiles . | . . . . . . Follow-up Attacks . | . . . . . . Damage Inflicted 3284 | 51 15 979 2207 32 . Guns 846 | 51 15 142 606 32 . Cannons . | . . . . . . Explosions 2438 | . . 837 1601 . . Melee . | . . . . . . Ramming . | . . . . . . Kinetic 453 | 51 15 142 245 . . Thermal 600 | . . . 568 32 . Explosive 2231 | . . 837 1394 . . Electromagnetic . | . . . . . . Impact . | . . . . . . Slashing . | . . . . . . Piercing . | . . . . . . Highest Corruption 17 | . . . 2 . 17 Average Corruption 5 | . . . 2 . 17 Corruption Purged . | . . . . . . Corruption Blocked . | . . . . . . Effects 10 | . . . 6 . 4 Message Errors 4 | . . . 3 . 1 Heat Flow Errors 2 | . . . 2 . . Energy Discharges 2 | . . . 1 . 1 Parts Rejected 1 | . . . . . 1 Misdirections 1 | . . . . . 1 Overload Shots . | . . . . . . Overflow Damage 58 | . . 5 53 . . Projectiles . | . . . . . . Explosions 58 | . . 5 53 . . Melee . | . . . . . . Knockbacks . | . . . . . . Impact . | . . . . . . Kinetic . | . . . . . . Secondary . | . . . . . . Self-Inflicted Damage 174 | . . 69 105 . . Shots 8 | . . 3 5 . . Rammed . | . . . . . . Targets Rammed . | . . . . . . Kicked . | . . . . . . Crushed . | . . . . . . Highest Temperature 244 | . . 36 244 69 10 Average Temperature 45 | . . 25 47 35 5 Received Heat Transfer 478 | . . 40 321 9 108 Siege Activations . | . . . . . . Robots Corrupted . | . . . . . . Combat Hostiles . | . . . . . . Parts Fried . | . . . . . . Impact Corruptions . | . . . . . . Robots Melted . | . . . . . . Combat Hostiles . | . . . . . . Parts Melted . | . . . . . . Heat Transferred 1199 | . . . 1125 74 . Parts Sabotaged . | . . . . . . Parts Stolen . | . . . . . . Parts Stripped . | . . . . . . Power Chain Reactions . | . . . . . . Alert | -11 -10 -10 -9 -8 -8 ------- Run | Yrd Mat Min Mat Mat Sto Peak Influence 725 | 10 21 29 725 342 90 Initial 297 | . 6 7 3 297 59 Average 180 | 2 7 16 217 292 58 Maximum Alert Level 3 | . . . 3 1 . Low Security (%) 61 | 100 100 100 59 16 100 Level 1 23 | . . . 13 83 . Level 2 12 | . . . 23 . . Level 3 2 | . . . 3 . . Level 4 . | . . . . . . Level 5 . | . . . . . . High Security . | . . . . . . Max Security . | . . . . . . Squads Dispatched 4 | . . . 1 3 . Investigation 1 | . . . . 1 . Extermination . | . . . . . . Reinforcement 3 | . . . 1 2 . Assault . | . . . . . . Garrison . | . . . . . . Intercept . | . . . . . . Searches Triggered . | . . . . . . Construction Impeded . | . . . . . . Haulers Reinforced . | . . . . . . Active Scanning Responses . | . . . . . . Cargo Convoy Interrupts . | . . . . . . Stealth | -11 -10 -10 -9 -8 -8 --------- Run | Yrd Mat Min Mat Mat Sto Distress Signals 3 | . . . 2 1 . Communications Jammed . | . . . . . . Distress Signals . | . . . . . . Times Spotted 59 | . 1 20 36 1 1 Peak Tracking Total 11 | . 1 11 7 1 2 Tactical Retreats 7 | . . 2 5 . . Traps | -11 -10 -10 -9 -8 -8 ------- Run | Yrd Mat Min Mat Mat Sto Traps Triggered 3 | . . . 1 2 . Indirectly . | . . . . . . Trap Hack Attempts . | . . . . . . Triggered . | . . . . . . Disarmed . | . . . . . . Reprogrammed . | . . . . . . Reused . | . . . . . . Traps Extracted . | . . . . . . Installed . | . . . . . . Triggered . | . . . . . . Machines | -11 -10 -10 -9 -8 -8 ---------- Run | Yrd Mat Min Mat Mat Sto Machines Disabled 3 | . . . 2 . 1 Max in Single Turn 2 | . . . 2 . 1 Machines Repaired . | . . . . . . Machines Dismantled . | . . . . . . Machines Sabotaged . | . . . . . . Overloaded Fab Kills . | . . . . . . Hacking | -11 -10 -10 -9 -8 -8 --------- Run | Yrd Mat Min Mat Mat Sto Machines Accessed 6 | . 1 . 1 2 2 Terminals 4 | . . . 1 2 1 Fabricators . | . . . . . . Repair Stations 1 | . . . . . 1 Recycling Units 1 | . 1 . . . . Scanalyzers . | . . . . . . Garrison Access . | . . . . . . Total Hacks 7 | . 1 . 1 2 3 Successful 5 | . 1 . . 1 3 Failed 2 | . . . 1 1 . Catastrophic . | . . . . . . Database Lockouts . | . . . . . . Manual 3 | . . . 1 2 . Terminals 4 | . . . 1 2 1 Fabricators . | . . . . . . Repair Stations 2 | . . . . . 2 Recycling Units 1 | . 1 . . . . Scanalyzers . | . . . . . . Garrison Access . | . . . . . . Terminal Hacks 1 | . . . . . 1 Open Door 1 | . . . . . 1 Fabricator Hacks . | . . . . . . Repair Station Hacks 2 | . . . . . 2 Scan Component 1 | . . . . . 1 Repair 1 | . . . . . 1 Recycling Unit Hacks 1 | . 1 . . . . Report Inventory 1 | . 1 . . . . Scanalyzer . | . . . . . . Garrison Access Hacks . | . . . . . . Unauthorized Hacks 1 | . . . . 1 . Terminals 1 | . . . . 1 . Botnet 1 | . . . . 1 . Fabricators . | . . . . . . Repair Stations . | . . . . . . Recycling Units . | . . . . . . Scanalyzers . | . . . . . . Garrison Access . | . . . . . . Data Cores Recovered 1 | . . . 1 . . Used . | . . . . . . Hacking Detections 1 | . . . . 1 . Full Trace Events . | . . . . . . Feedback Events . | . . . . . . Feedback Blocked . | . . . . . . Robot Schematics Acquired . | . . . . . . Robots Built . | . . . . . . Authchips . | . . . . . . Time . | . . . . . . Total Robot Build Rating . | . . . . . . Part Schematics Acquired . | . . . . . . Parts Built . | . . . . . . Authchips . | . . . . . . Time . | . . . . . . Total Part Build Rating . | . . . . . . Parts Repaired 1 | . . . . . 1 Time 26 | . . . . . 26 Parts Recycled . | . . . . . . Recycled Matter . | . . . . . . Retrieved Matter . | . . . . . . Retrieved Components . | . . . . . . Parts Scanalyzed . | . . . . . . Part Schematics Acquired . | . . . . . . Parts Damaged . | . . . . . . Bothacking | -11 -10 -10 -9 -8 -8 ------------ Run | Yrd Mat Min Mat Mat Sto Used RIF Installer . | . . . . . . Robots Hacked . | . . . . . . Non-combat . | . . . . . . Combat . | . . . . . . Robot Hacks Applied . | . . . . . . Relay Couplers Released . | . . . . . . Fabnet Peak Effective % . | . . . . . . Robots Rewired . | . . . . . . Allies Hacked . | . . . . . . Hacks Repelled . | . . . . . . Allies | -11 -10 -10 -9 -8 -8 -------- Run | Yrd Mat Min Mat Mat Sto Total Allies . | . . . . . . Largest Group . | . . . . . . Highest-Rated Group . | . . . . . . Highest-Rated Ally . | . . . . . . Total Orders . | . . . . . . Ally Attacks . | . . . . . . Total Damage . | . . . . . . Kills . | . . . . . . Allies Corrupted . | . . . . . . Allies Melted . | . . . . . . Intel | -11 -10 -10 -9 -8 -8 ------- Run | Yrd Mat Min Mat Mat Sto Robot Analysis Total . | . . . . . . Derelict Logs Recovered . | . . . . . . Drone Launches . | . . . . . . Drone Recoveries . | . . . . . . Exploration | -11 -10 -10 -9 -8 -8 ------------- Run | Yrd Mat Min Mat Mat Sto Turns Passed 2442 | 88 54 344 1300 481 175 Spaces Moved 1630 | 64 64 225 685 375 217 Core 13 | 12 . . . . 1 Treads 771 | 3 . 89 463 216 . Legs . | . . . . . . Wheels 249 | 49 64 136 . . . Hover 222 | . . . 222 . . Flight 375 | . . . . 159 216 Fastest Speed 34 | 50 80 80 71 34 34 Average Speed 113 | 86 80 111 140 112 47 Slowest Speed 250 | 160 80 160 170 250 150 Overloaded Moves . | . . . . . . Propulsion Burnouts . | . . . . . . Robots Hopped 4 | . . . . 1 3 Cave-ins Triggered 2 | . . . . . 2 Exploration Rate (%) 23 | 4 20 36 37 26 19 Regions Visited 5 Branch Regions 2 Pre-discovered Areas . | . . . . . . Known Exits Taken . | . . . . . . Unknown Exits Taken 5 | 1 1 1 1 1 . Scrap Searched 1 | . . 1 . . . Spaces Dug 21 | . . . 6 . 15 Terrain Destroyed 325 | . . 58 178 . 89 Melee . | . . . . . . Projectile 9 | . . . . . 9 AOE 316 | . . 58 178 . 80 Terrain Rammed . | . . . . . . Walls Destroyed . | . . . . . . Machines Disabled . | . . . . . . Actions | -11 -10 -10 -9 -8 -8 --------- Run | Yrd Mat Min Mat Mat Sto Total 2048 | 86 64 283 916 431 268 Wait 194 | . . 19 132 4 39 Move 1616 | 63 63 224 684 372 210 Hop 3 | . . . . 1 2 Pick Up 39 | 7 . 4 14 13 1 Fast Attach 23 | 7 . 1 4 11 . Attach 15 | . . 3 7 2 3 Detach 5 | . . 1 1 2 1 Swap 25 | 3 . 5 10 7 . Drop 34 | 3 . 3 10 18 . Fire 92 | 3 1 23 54 1 10 Melee . | . . . . . . Ram . | . . . . . . Kick . | . . . . . . Crush . | . . . . . . Escape Stasis 2 | . . . . . 2 Rewire . | . . . . . . Trap . | . . . . . . Miscellaneous . | . . . . . . Route ------- -11/Scrapyard -10/Materials -10/Mines -9/Materials -8/Materials (discovered 2 exits: [*Fac] / *Sto) -8/Storage History --------- Turn | Location | Event 22 | -11/Scrapyard | Discovered new exit (range 16) 89 | -11/Scrapyard | Entered Materials 129 | -10/Materials | Discovered new exit (range 15) 143 | -10/Materials | Entered Mines 183 | -10/Mines | Received a Rocket Launcher from a helpful Derelict 258 | -10/Mines | Assembled infested the area 263 | -10/Mines | Assisted by a Guerilla fighting off Assembled 317 | -10/Mines | Build established: Mutant 323 | -10/Mines | YI-UF0 nonchalantly dropped a Grenade Launcher on the ground 332 | -10/Mines | Destroyed 13 combat bots 352 | -10/Mines | Discovered new exit (range 12) 409 | -10/Mines | Core integrity fell below 50% 423 | -10/Mines | Core integrity fell below 20% 487 | -10/Mines | Entered Materials 487 | -9/Materials | Evolved 2 slots: Propulsion x1, Utility x1 782 | -9/Materials | Build established: Scavenger-Mutant 1711 | -9/Materials | Destroyed 8 combat bots 1781 | -9/Materials | Discovered new exit (range 4) 1787 | -9/Materials | Entered another Materials area 1787 | -8/Materials | Evolved 2 slots: Utility x2 1828 | -8/Materials | Build established: Mutant 2009 | -8/Materials | Met 7R-MNS 2267 | -8/Materials | Discovered new exit (range 12) 2267 | -8/Materials | Discovered new exit (range 4) 2268 | -8/Materials | Entered Storage 2302 | -8/Storage | Repaired Grenade Launcher? 2370 | -8/Storage | Crushed by falling debris 2370 | -8/Storage | Crushed by falling debris 2371 | -8/Storage | System corruption reached 10% 2436 | -8/Storage | Core integrity fell below 50% 2443 | -8/Storage | Self-destructed Last Messages --------------- 02370_ Heat Sink destroyed. 02370_ System corrupted by crushing effect (+4). 02370_ The unstable cave ceiling collapses. 02370_ Crushed by falling debris. 02371_ System corrupted: Energy discharge (-102). 02371_ The unstable cave ceiling collapses. 02373_ U-05 Engineer builds a Wall. 02379_ Identified Imp. VTOL Module. 02379_ Faulty integration triggers meltdown. 02379_ Mic. Nuclear Core damaged (-20). 02379_ Xenon Bombardment Thruster damaged (-7). 02379_ Adv. Visual Processing Unit damaged (-7). 02381_ U-05 Engineer builds a Wall. 02391_ System corrupted: Imp. Terrain Scanner rejected. 02408_ Xenon Bombardment Thruster destroyed. 02413_ R-06 Scavenger collects Imp. Terrain Scanner. 02414_ Mni. Grenade Launcher destroyed. 02429_ Critical hit (Burn: +37). 02433_ |FXN